 Dungeon Crawl Stone Soup version 0.22.1-1-ga44c0e5 (webtiles) character file.

92062 HoaS the Warrior (level 16, -14/99 HPs)
             Began as a Gargoyle Berserker on Oct 23, 2018.
             Was a High Priest of Trog.
             Demolished by a large abomination (19 damage)
             ... on level 3 of the Abyss on Oct 25, 2018.
             The game lasted 01:50:16 (30711 turns).

HoaS the Warrior (Gargoyle Berserker)              Turns: 30711, Time: 01:50:17

Health: -14/99     AC: 33    Str: 20    XL:     16   Next: 5%
Magic:  16/16      EV:  9    Int: 11    God:    Trog [*****.]
Gold:   1013       SH:  0    Dex: 19    Spells: 15/15 levels left

rFire    + + .     SeeInvis .     - Unarmed
rCold    + . .     Gourm    .   (no shield)
rNeg     + . .     Faith    .   U - +2 plate armour {rF+}
rPois    ∞         Spirit   .   (no helmet)
rElec    +         Reflect  .   I - scarf {rC+ rF+}
rCorr    .         Harm     .   C - +2 pair of gloves
MR       +....                  (no boots)
Stlth    ..........             D - amulet of the acrobat
HPRegen  0.26/turn              (no ring)
MPRegen  0.15/turn              u - +5 ring of dexterity

@: flying, constricted
A: big wings, frail 1, negative energy resistance 1, electricity resistance,
unbreathing, petrification resistance, rot immunity, AC +12
a: Stop Flying, Berserk, Trog's Hand, Brothers in Arms, Renounce Religion


You were on level 3 of the Abyss.
You worshipped Trog.
Trog was extremely pleased with you.
You were near starving.

You visited 3 branches of the dungeon, and saw 22 of its levels.
You visited the Abyss 1 time.
You also visited: Ice Cave.

You collected 2740 gold pieces.
You spent 1727 gold pieces at shops.

Inventory:

Hand Weapons
 q - a +2 longbow of freezing
 w - a +3 longbow of flaming
Missiles
 i - 293 arrows
Armour
 C - a +2 pair of gloves (worn)
 I - a scarf of resistance (worn)
 J - a scarf of spirit shield
 K - a +0 plate armour of cold resistance
 U - a +2 plate armour of fire resistance (worn)
Jewellery
 u - a +5 ring of dexterity (right hand)
 D - an amulet of the acrobat (around neck)
 P - an uncursed ring of ice
 T - an uncursed ring of ice
Wands
 k - a wand of random effects (66)
 l - a wand of clouds (9)
 n - a wand of paralysis (28)
 y - a wand of disintegration (4)
 A - a wand of polymorph (35)
 B - a wand of flame (34)
 G - a wand of enslavement (10)
 O - a wand of iceblast (10)
 R - a wand of digging (31)
Scrolls
 d - 3 scrolls of identify
 h - 3 scrolls of blinking
 p - 3 scrolls of fog
 r - 2 scrolls of fear
 v - 8 scrolls of remove curse
 E - 7 scrolls of teleportation
 H - 3 scrolls of magic mapping
 L - a scroll of summoning
 M - 2 scrolls of silence
Potions
 a - 6 potions of agility
 c - 3 potions of berserk rage
 e - a potion of resistance {unknown}
 f - 3 potions of haste
 g - a potion of magic {unknown}
 j - 6 potions of lignification
 m - 6 potions of might
 o - a potion of invisibility {unknown}
 s - 4 potions of flight
 t - 15 potions of curing
 z - 5 potions of mutation
 F - 2 potions of brilliance {unknown}
 Q - a potion of cancellation {unknown}
 S - a potion of heal wounds
Miscellaneous
 N - a lightning rod (4/4)
Comestibles
 b - 36 rations


   Skills:
 * Level 16.3 Fighting
 + Level 9.8 Bows
 + Level 12.1 Armour
 + Level 9.5 Dodging
 * Level 15.1 Unarmed Combat


You had 15 spell levels left.
You didn't know any spells.
Your spell library was empty.

Dungeon Overview and Level Annotations

Branches:
Dungeon (14/15)            Temple (0/1) D:5            Lair (6/6) D:8
 Shoals (0/4) Lair:4       Spider (0/4) Lair:2        Slime (0/5) Lair:5
    Orc (2/2) D:11            Elf (0/3) Orc:2
 Vaults: D:13-14

Altars:
Nemelex Xobeh
Trog
The Shining One
Beogh

Shops:
D:4 =   D:6 !   D:12 !*?*   D:14 }   Orc:2 }}(%

Portals:
Pandemonium: Orc:2

Annotations:
D:7 2 transporters, Frank's ghost, novice DrFi
D:14 Louise
Lair:6 1 runed door


Innate Abilities, Weirdness & Mutations

You are resistant to torment.
Your stone body is resilient. (AC +12)
You are immune to poison.
Your large and strong wings let you fly indefinitely.
You resist negative energy. (rN+)
You are resistant to electric shocks. (rElec)
You can survive without breathing.
You are immune to petrification.
You are immune to rotting.
You are frail. (-10% HP)


Message History

The naga warrior constricts you.
The salamander hits you but does no damage.
Your plate armour prevents you from hitting the large abomination.
The large abomination is moderately damaged.
The large abomination hits you!
* * * LOW HITPOINT WARNING * * *
The naga warrior hits you but does no damage.
The naga warrior constricts you.
You punch the large abomination!
The large abomination is heavily damaged.
The salamander hits you but does no damage.
The large abomination hits you!
* * * LOW HITPOINT WARNING * * *
The naga warrior barely misses you.
* * * LOW HITPOINT WARNING * * *
The naga warrior constricts you.
You punch the large abomination!
The large abomination is severely damaged.
The large abomination hits you!!
You die...

# # #### ### .
... ..... ..#.
##.# #..#.##.#.
.#.#
..#....?#....#.
.
......)N#...(..
. # .#.N@).##
##. #.
##..##X...# .#
. §## .
......... ## .
.. ...#.#.. #
## ## #.
###(.## #...
#..#...#
######. .. ...
##..# #. ##
...#.. #.# .. #
#. # ###### #
.#


You could see a naga warrior, a salamander and a large abomination.

Vanquished Creatures
  A frost giant (IceCv)
  A dire elephant (Lair:6)
  8 hydras
  Harold (D:8)
  Fannar (Orc:1)
  2 catoblepae
  A centaur warrior (D:13)
  12 death yaks
  Erica (D:8)
  6 two-headed ogres
  6 orc high priests (Orc:2)
  Nergalle (Lair:2)
  5 skeletal warriors (D:13)
  A sixfirhy (Orc:2)
  An unseen horror (D:14)
  2 gelid demonspawn (Orc:2)
  An infernal demonspawn (Orc:2)
  A torturous demonspawn (Orc:2)
  3 lindwurms (Lair:6)
  7 orc sorcerers
  2 deep elf magi (D:13)
  3 ugly things
  3 manticores
  4 orc knights
  A cyclops (Orc:2)
  9 elephants
  2 black mambas (Lair:6)
  6 torpor snails (Lair:6)
  An ice statue (IceCv)
  2 orange demons (Orc:2)
  A guardian serpent (Abyss:3)
  Psyche (D:9)
  8 spiny frogs
  2 rime drakes
  4 komodo dragons
  An efreet (D:13)
  An ice devil (Orc:2)
  17 polar bears
  2 tyrant leeches (Lair:6)
  4 trolls
  9 blink frogs
  8 hornets
  Prince Ribbit (D:8)
  9 hippogriffs
  A snapping turtle (Lair:4)
  2 dream sheep (Lair:6)
  A meliai zombie (D:13)
  2 redbacks (Lair:2)
  4 hogs (D:7)
  A human (D:7)
  Grum (D:8)
  3 basilisks
  3 wyverns
  50 yaks
  3 hungry ghosts
  2 wargs
  2 nagas (Abyss:3)
  An acid dragon (D:13)
  11 water moccasins
  The ghost of emiel the Conjurer, an amateur TeWz (D:4)
  6 porcupines
  2 eyes of draining
  52 orc warriors
  A black bear (shapeshifter) (D:13)
  A black bear (Lair:2)
  5 ice beasts
  2 phantoms
  4 sky beasts
  21 wolves
  4 centaurs
  19 ogres
  9 crocodiles
  Blork the orc (D:5)
  4 big kobolds
  12 bullfrogs
  A water moccasin zombie (D:5)
  4 scorpions
  7 killer bees
  7 howler monkeys
  5 electric eels
  7 crimson imps
  A bullfrog zombie (D:12)
  2 centaur zombies (D:9)
  4 quasits
  2 gnoll shamans (D:8)
  7 hounds
  40 orc priests
  2 bullfrog skeletons
  2 centaur skeletons
  30 orc wizards
  2 iguanas (D:12)
  5 worker ants
  2 hound skeletons
  A howler monkey skeleton (D:4)
  6 gnolls (D:8)
  12 adders
  7 shadow imps
  12 white imps (D:13)
  2 oozes
  An adder zombie (D:5)
  2 adder skeletons
  4 worms
  3 dart slugs
  6 leopard geckos
  152 orcs
  3 ball pythons
  10 bats
  5 giant cockroaches
  11 goblins
  17 hobgoblins
  9 jackals
  17 kobolds
  3 quokkas
  8 frilled lizards
  2 quokka skeletons
  8 rats
825 creatures vanquished.

Vanquished Creatures (collateral kills)
  An ogre (Orc:1)
  An orc (Orc:1)
2 creatures vanquished.

Vanquished Creatures (others)
  2 wolves (IceCv)
  An orc (Orc:2)
  A quokka (D:8)
  4 fungi (Lair:6)
  15 plants
23 creatures vanquished.

Grand Total: 850 creatures vanquished

Notes
Turn   | Place    | Note
-------+----------+-------------------------------------------
     0 | D:1      | HoaS the Gargoyle Berserker began the quest for the Orb.
     0 | D:1      | Reached XP level 1. HP: 14/14 MP: 1/1
     1 | D:1      | Noticed an electric eel
   255 | D:1      | Reached XP level 2. HP: 19/19 MP: 2/2
   317 | D:1      | Found a glowing golden altar of the Shining One.
  1008 | D:2      | Reached XP level 3. HP: 23/24 MP: 3/3
  1032 | D:2      | Reached skill level 4 in Fighting
  1234 | D:2      | Reached XP level 4. HP: 26/29 MP: 4/4
  1365 | D:2      | Reached ** piety under Trog
  1902 | D:2      | Found a faded altar of an unknown god.
  2094 | D:3      | Reached XP level 5. HP: 34/34 MP: 5/5
  2665 | D:3      | Reached *** piety under Trog
  2817 | D:4      | Reached skill level 5 in Fighting
  2817 | D:4      | Reached XP level 6. HP: 39/40 MP: 6/6
  2827 | D:4      | Found Hofoami's Jewellery Shop.
  3143 | D:4      | Noticed emiel's ghost (amateur TeWz)
  3166 | D:4      | Found a transporter.
  3180 | D:4      | Reached XP level 7. HP: 44/44 MP: 7/7
  3282 | D:4      | Reached skill level 5 in Unarmed Combat
  3433 | D:4      | Found a transporter.
  3769 | D:4      | Killed emiel's ghost
  3769 | D:4      | Reached skill level 6 in Fighting
  3858 | D:5      | Entered Level 5 of the Dungeon
  3859 | D:5      | Noticed a two-headed ogre
  3873 | D:5      | Killed a two-headed ogre
  3873 | D:5      | Reached skill level 7 in Fighting
  3873 | D:5      | Reached skill level 5 in Armour
  3873 | D:5      | Reached XP level 8. HP: 21/53 MP: 8/8
  4127 | D:5      | Found a staircase to the Ecumenical Temple.
  4430 | D:5      | Reached XP level 9. HP: 55/59 MP: 9/9
  4484 | D:5      | Found a sparkling altar of Nemelex Xobeh.
  4542 | D:5      | Reached skill level 8 in Fighting
  4614 | D:5      | Reached **** piety under Trog
  4824 | D:5      | Noticed Blork the orc
  4838 | D:5      | Killed Blork the orc
  5481 | D:6      | Found Oloff's Distillery.
  5489 | D:6      | Bought a potion of curing for 33 gold pieces
  5489 | D:6      | Bought a potion of curing for 33 gold pieces
  5489 | D:6      | Bought a potion of might for 44 gold pieces
  5489 | D:6      | Bought a potion of agility for 44 gold pieces
  6101 | D:7      | Reached skill level 9 in Fighting
  6337 | D:7      | Noticed a two-headed ogre
  6345 | D:7      | Found a transporter.
  6345 | D:7      | Found a transporter.
  6345 | D:7      | Noticed Frank's ghost (novice DrFi)
  6481 | D:7      | Reached skill level 1 in Bows
  6825 | D:7      | Reached XP level 10. HP: 66/66 MP: 10/10
  6893 | D:7      | Reached skill level 5 in Dodging
  7361 | D:8      | Found a staircase to the Lair.
  7383 | D:8      | Noticed Prince Ribbit
  7396 | D:8      | Noticed Erica
  7412 | D:8      | Killed Erica
  7412 | D:8      | Reached skill level 10 in Fighting
  7444 | D:8      | Noticed Harold
  7463 | D:8      | Noticed Grum
  7489 | D:8      | Killed Grum
  7504 | D:8      | Killed Harold
  7504 | D:8      | Reached XP level 11. HP: 47/73 MP: 11/11
  7518 | D:8      | Killed Prince Ribbit
  7889 | D:8      | You fall through a shaft for 3 floors!
  7932 | D:11     | Noticed a green ugly thing
  7948 | D:11     | Killed a green ugly thing
  7961 | D:11     | Noticed a two-headed ogre
  7986 | D:11     | Killed a two-headed ogre
  7986 | D:11     | Reached skill level 10 in Unarmed Combat
  8176 | D:11     | Reached skill level 11 in Fighting
  8492 | D:10     | Entered Level 10 of the Dungeon
  8608 | D:8      | Reached ***** piety under Trog
  8771 | D:8      | Received a gift from Trog
  8945 | D:9      | Noticed Psyche
  8961 | D:9      | Killed Psyche
 10028 | D:10     | Found a bloodstained altar of Trog.
 10056 | D:10     | Noticed a two-headed ogre
 10072 | D:10     | Killed a two-headed ogre
 10682 | D:11     | Noticed a four-headed hydra
 10694 | D:11     | Killed a four-headed hydra
 10694 | D:11     | Reached skill level 5 in Bows
 10732 | D:11     | Noticed an eight-headed hydra
 10747 | D:11     | Killed an eight-headed hydra
 10747 | D:11     | Reached XP level 12. HP: 17/81 MP: 12/12
 11159 | D:11     | Reached skill level 12 in Fighting
 11180 | D:11     | Found a staircase to the Orcish Mines.
 11801 | D:12     | Noticed a two-headed ogre
 11811 | D:12     | Killed a two-headed ogre
 12547 | D:12     | Received a gift from Trog
 12814 | D:12     | Found a roughly hewn altar of Beogh.
 12839 | D:12     | Found Ohej's General Store.
 12994 | D:12     | Noticed a two-headed ogre
 13012 | D:12     | Killed a two-headed ogre
 13244 | D:12     | Noticed a four-headed hydra
 13254 | D:12     | Killed a four-headed hydra
 13367 | D:12     | Found Xaenod's Distillery.
 13378 | D:12     | Bought a potion of curing for 42 gold pieces
 13378 | D:12     | Bought a potion of curing for 42 gold pieces
 13378 | D:12     | Bought a potion of haste for 140 gold pieces
 13378 | D:12     | Bought a potion of mutation for 112 gold pieces
 13378 | D:12     | Bought a potion of might for 56 gold pieces
 13378 | D:12     | Bought a potion of might for 56 gold pieces
 13378 | D:12     | Bought a potion of curing for 42 gold pieces
 13391 | D:12     | Found Butux's General Store.
 13450 | D:12     | Found Guptuiji's Magic Scroll Shoppe.
 13459 | D:12     | Bought a scroll of teleportation for 42 gold pieces
 13459 | D:12     | Bought a scroll of teleportation for 42 gold pieces
 13459 | D:12     | Bought a scroll of teleportation for 42 gold pieces
 13459 | D:12     | Bought a scroll of teleportation for 42 gold pieces
 13459 | D:12     | Bought a scroll of enchant weapon for 105 gold pieces
 13603 | Lair:1   | Entered Level 1 of the Lair of Beasts
 14705 | Lair:2   | Noticed Nergalle
 14725 | Lair:2   | Killed Nergalle
 14916 | Lair:2   | Found a hole to the Spider Nest.
 15615 | Lair:2   | Reached skill level 13 in Fighting
 15791 | Lair:3   | Reached XP level 13. HP: 88/88 MP: 13/13
 16588 | Lair:4   | Found a staircase to the Shoals.
 17524 | Lair:4   | Got an ichor-stained scale mail
 17535 | Lair:4   | Identified the cursed +1 scale mail "Bin Emod" {Dex+2} (You
                  | found it on level 4 of the Lair of Beasts)
 18168 | Lair:5   | Found a staircase to the Slime Pits.
 18451 | Lair:5   | Received a gift from Trog
 18591 | Lair:6   | Entered Level 6 of the Lair of Beasts
 18755 | Lair:5   | Reached skill level 10 in Armour
 19508 | Lair:5   | Reached skill level 14 in Fighting
 20058 | Lair:6   | Gained mutation: Your large and strong wings let you fly
                  | indefinitely. [Gargoyle growth]
 20058 | Lair:6   | Reached XP level 14. HP: 96/96 MP: 14/14
 20950 | Lair:6   | Found a runed door.
 21793 | Lair:6   | Noticed a dire elephant
 21826 | Lair:6   | Killed a dire elephant
 22890 | Orc:1    | Entered Level 1 of the Orcish Mines
 22890 | Orc:1    | Noticed Fannar
 22907 | Orc:1    | Killed Fannar
 22907 | Orc:1    | Reached skill level 15 in Fighting
 23563 | Orc:2    | Entered Level 2 of the Orcish Mines
 23602 | D:12     | Bought a +0 plate armour of cold resistance for 330 gold
                  | pieces
 23743 | Orc:2    | Received a gift from Trog
 24545 | Orc:2    | Found Ytysch's Food Shop.
 24547 | Orc:2    | Found Liegum's Food Boutique.
 24744 | Orc:1    | Reached XP level 15. HP: 67/103 MP: 15/15
 25184 | Orc:2    | Received a gift from Trog
 25275 | Orc:2    | Found a staircase to the Elven Halls.
 25695 | Orc:2    | Found Puda's Gadget Emporium.
 25962 | Orc:2    | Paralysed by an orc sorcerer for 5 turns
 26523 | Orc:2    | Received a gift from Trog
 26530 | Orc:2    | Found Leziliepn's Gadget Shoppe.
 26530 | Orc:2    | Found Sogiapad's Antique Weapon Emporium.
 26532 | Orc:2    | Found a one-way gate leading to the halls of Pandemonium.
 26637 | Orc:2    | Bought a lightning rod (4/4) for 480 gold pieces
 27158 | Orc:2    | Found a roughly hewn altar of Beogh.
 27304 | Orc:1    | Gained mutation: You are frail. (-10% HP) [a neqoxec]
 27310 | Orc:1    | Paralysed by an orc sorcerer for 7 turns
 27322 | Orc:1    | Paralysed by an orc sorcerer for 5 turns
 27864 | D:13     | Found a frozen archway.
 27979 | IceCv    | Entered an ice cave
 28397 | IceCv    | Received a gift from Trog
 28463 | IceCv    | Reached skill level 16 in Fighting
 28681 | IceCv    | Noticed a frost giant
 28871 | IceCv    | Reached skill level 15 in Unarmed Combat
 28880 | IceCv    | Killed a frost giant
 30162 | D:13     | Received a gift from Trog
 30235 | D:13     | Reached XP level 16. HP: 83/99 MP: 16/16
 30513 | D:14     | Found Ruudd's Gadget Shoppe.
 30610 | D:14     | Noticed Louise
 30623 | D:14     | Cast into level 3 of the Abyss (Louise)
 30711 | Abyss:3  | Demolished by a large abomination

Skill      XL: |  1  2  3  4  5  6  7  8  9 10 11 12 13 14 15 |
---------------+----------------------------------------------+-----
Fighting       | 4 5 7 9 10 11 13 14 15 16 | 16.3
Dodging        | 2 3 4 5 6 7 8 9 |  9.5
Armour         | 3 5 6 7 8 9 10 11 12 | 12.1
Unarmed Combat | 4 6 7 8 9 11 12 13 14 15 | 15.1
Bows           | 1 3 5 6 7 8 9 |  9.8

Action                   |  1- 3 |  4- 6 |  7- 9 | 10-12 | 13-15 | 16-18 || total
-------------------------+-------+-------+-------+-------+-------+-------++-------
Melee: Unarmed           |   118 |   289 |   398 |   935 |  1438 |    59 ||  3237
       Punch             |     1 |     4 |    10 |    50 |    98 |     4 ||   167
 Fire: Shortbow          |       |       |     8 |   118 |       |       ||   126
       Longbow           |       |       |       |    98 |   487 |    17 ||   602
Invok: Berserk           |       |     2 |     5 |     8 |    14 |       ||    29
       Trog's Hand       |       |     1 |     4 |     5 |    11 |       ||    21
       Brothers in Arms  |       |       |       |       |     1 |       ||     1
 Abil: Fly               |       |       |       |       |     1 |       ||     1
Evoke: Wand              |       |       |       |       |     3 |       ||     3
  Use: Scroll            |     1 |     6 |     3 |    15 |    10 |       ||    35
       Potion            |       |       |       |     3 |     4 |       ||     7
 Stab: Sleeping          |     1 |       |       |       |       |       ||     1
       Invisible         |       |       |       |     1 |       |       ||     1
  Eat: Chunk             |       |    23 |    19 |    51 |    51 |     1 ||   145
       Ration            |       |       |       |       |     2 |       ||     2
Armor: Animal skin       |     4 |       |       |       |       |       ||     4
       Robe              |     2 |       |       |       |       |       ||     2
       Chain mail        |    71 |   172 |   239 |   137 |       |       ||   619
       Plate armour      |       |       |       |   439 |  1114 |    88 ||  1641
Dodge: Dodged            |    81 |   116 |   188 |   470 |   986 |    43 ||  1884
